 Dungeon Crawl Stone Soup version 0.19-a0-1187-g948eaf9 (webtiles) character file.

690 AlphabetPasta the Ruffian (level 1, 0/22 HPs)
             Began as a Troll Monk on Aug 21, 2016.
             Was a Believer of Trog.
             Slain by a gnoll
             ... wielding a +0 halberd
              (5 damage)
             ... on level 5 of the Dungeon.
             The game lasted 00:11:25 (3536 turns).

AlphabetPasta the Ruffian (Troll Monk)              Turns: 3536, Time: 00:11:26

Health: 0/22       AC:  6    Str: 18    XL:     1   Next: 0%
Magic:  0/0        EV: 10    Int:  6    God:    Trog [**....]
Gold:   285        SH:  0    Dex: 12    Spells: 0 memorised, 0 levels left

rFire  x . .     SeeInvis .       - Unarmed
rCold  + . .     Gourm    +     a - +0 robe
rNeg   . . .     Faith    .     (no shield)
rPois  .         Spirit   .     (helmet restricted)
rElec  .         Dismiss  .     n - +0 cloak
rCorr  .         Reflect  .     (gloves unavailable)
SustAt .         Harm     .     (boots unavailable)
MR     .....                    (no amulet)
Stlth  +.........               (no ring)
                                g - ring of ice

@:
A: unfitting armour, claws 3, fast metabolism 3, gourmand, regeneration 2,
shaggy fur 1, tough skin 2
a: Berserk, Trog's Hand, Burn Spellbooks, Renounce Religion


You were on level 5 of the Dungeon.
You worshipped Trog.
Trog was pleased with you.
You were completely stuffed.

You visited 2 branches of the dungeon, and saw 6 of its levels.

You collected 285 gold pieces.

Inventory:

Armour
 a - a +0 robe (worn)
 n - a +0 cloak (worn)
Jewellery
 g - a ring of ice (left claw)
 m - an uncursed ring of resist corrosion {unknown}
 o - an uncursed amulet of guardian spirit {unknown}
Wands
 h - a wand of acid (10/15)
 r - a wand of enslavement (4/24)
Scrolls
 s - a scroll of blinking
Potions
 d - a potion of brilliance
 e - a potion of mutation {unknown}
 j - 3 potions of magic
 l - a potion of haste {unknown}
 p - a potion of lignification {unknown}
 q - 3 potions of curing
Comestibles
 b - 4 bread rations
 c - 10 chunks of flesh
 f - 2 beef jerkies
 i - 2 fruits
 k - 5 meat rations


   Skills:
 - Level 2.4 Fighting
 - Level 2.4 Dodging
 - Level 1.1 Stealth
 + Level 3.0 Unarmed Combat


You couldn't memorise any spells.
You didn't know any spells.

Dungeon Overview and Level Annotations

Branches:
Dungeon (5/15)             Temple (1/1) D:2

Altars:
Ashenzari
Cheibriados
Dithmenos
Elyvilon
Fedhas
Gozag
Hepliaklqana
Kikubaaqudgha
Pakellas
Ru
Sif Muna
Trog
Vehumet
Xom
Yredelemnul
Zin


Innate Abilities, Weirdness & Mutations

You are too large for most types of armour.
You have claws for hands.
Your metabolism is lightning-fast.
You like to eat raw meat.
You heal very quickly.
You are covered in fur. (AC +1)
You have very tough skin. (AC +2)


Message History

Things that are here:
a flail; a whip; a gnoll skeleton You open the door.
Found a white marble altar of Elyvilon.
There is an open door here.
A gnoll comes into view. It is wielding a halberd.
There is a white marble altar of Elyvilon here.
There is an open door here.
The gnoll shouts!
There is an open door here.
There is a white marble altar of Elyvilon here.
There is an open door here.
The gnoll hits you from afar with a halberd.
You barely miss the gnoll. The gnoll hits you with a halberd!
Ouch! That really hurt!
* * * LOW HITPOINT WARNING * * *
You scratch the gnoll.
The gnoll is moderately wounded.
The gnoll hits you with a halberd.
You die...

#.#***** #..# #.# #.....## #
#......####..# #.# ##...... #
######.##....###.# #.####. #
#.##..#.....# #.# *#. #
#.##..####### #.# #.. #
########.##..# #.# #.# #
#............# ########.###.# #
#..........g####............# #
###...........@##...#####.###..
# #.......##.###..#'#.# #.# ##*
# #.......##.# #..'_+.# #.#
###.......##.###.##'### #.#
..<.......##)..#.##..# #.#****
###.......##.....###.# #..,,,,
#.......##.#.#.# *.# ###****
*#..............# #.# **
#....######.#.#.# #.# *,


You could see a gnoll.

Vanquished Creatures
  69 gnolls
  The ghost of genericpseudonym the Sneak, a weakling SpAs of Yredelemnul (D:3)
70 creatures vanquished.

Notes
Turn   | Place    | Note
-------+----------+-------------------------------------------
     0 | D:1      | AlphabetPasta the Troll Monk began the quest for the Orb.
     0 | D:1      | Reached XP level 1. HP: 22/22 MP: 0/0
   281 | D:1      | HP: 1/22 [gnoll/club (6)]
   965 | D:2      | Found a staircase to the Ecumenical Temple.
   986 | Temple   | Entered the Ecumenical Temple
  1040 | Temple   | Became a worshipper of Trog the Wrathful
  1040 | Temple   | Reached * piety under Trog
  1040 | Temple   | Reached ** piety under Trog
  1458 | D:2      | Found a snail-covered altar of Cheibriados.
  1459 | D:2      | Found a blossoming altar of Fedhas.
  1623 | D:3      | Found a faded altar of an unknown god.
  1893 | D:3      | Noticed genericpseudonym's ghost (weakling SpAs)
  1902 | D:3      | Killed genericpseudonym's ghost
  2247 | D:3      | Found an opulent altar of Gozag.
  3132 | D:5      | Entered Level 5 of the Dungeon
  3184 | D:5      | HP: 1/22 [gnoll/flail (11)]
  3525 | D:5      | Found a white marble altar of Elyvilon.
  3536 | D:5      | Slain by a gnoll

Vault maps used:
D:1:      saegor_arrival_simple_b
D:2:      gammafunk_temple_overflow_pools, minmay_hexomino_p4
D:3:      lemuel_coloured_pillars_altar, ecumenical_altar_2
D:5:      kennysheep_mini, first_bread
Temple:   nicolae_temple_x_marks_the_god

Action                   || total
-------------------------++-------
Melee: Unarmed           ||   240
       Punch             ||     4
Invok: Burn Spellbooks   ||     1
  Use: Scroll            ||    10
       Potion            ||     1
 Stab: Sleeping          ||     3
       Distracted        ||     1
  Eat: Chunk             ||     6
Armor: Robe              ||    28
Dodge: Dodged            ||    84
